 Dungeon Crawl Stone Soup version 0.19.0-20-gbc5f0c6 (webtiles) character file.

113 dobroeutro the Archer (level 4, 0/36 HPs)
             Began as a Centaur Hunter on Nov 16, 2016.
             Slain by a worm (8 damage)
             ... on level 3 of the Dungeon.
             The game lasted 00:02:18 (3140 turns).

dobroeutro the Archer (Centaur Hunter)              Turns: 3140, Time: 00:02:19

Health: 0/36       AC:  4    Str: 14    XL:     4   Next: 65%
Magic:  4/4        EV:  9    Int: 10    God:
Gold:   90         SH:  0    Dex: 11    Spells: 0 memorised, 3 levels left

rFire  . . .     SeeInvis .     l - +0 hand axe (elec)
rCold  . . .     Gourm    .     c - +0 leather armour
rNeg   . . .     Faith    .     (no shield)
rPois  .         Spirit   .     (no helmet)
rElec  .         Reflect  .     (no cloak)
rCorr  .         Harm     .     (no gloves)
MR     .....                    (no barding)
Stlth  +.........               (no amulet)
                                (no ring)
                                (no ring)

@: very quick
A: hooves 3, deformed body, speed 2, tough skin 3
a: no special abilities


You were on level 3 of the Dungeon.
You were very hungry.

You visited 1 branch of the dungeon, and saw 3 of its levels.

You collected 90 gold pieces.

Inventory:

Hand Weapons
 a - a +1 shortbow
 b - a +0 short sword
 l - a +0 hand axe of electrocution (weapon)
Missiles
 d - 76 arrows
Armour
 c - a +0 leather armour (worn)
Scrolls
 f - 2 scrolls of fog {unknown}
 h - 3 scrolls of remove curse {unknown}
 j - 2 scrolls of identify {unknown}
 k - 3 scrolls of amnesia {unknown}
 n - a scroll of enchant weapon {unknown}
 o - 3 scrolls of noise {unknown}
 q - a scroll of blinking {unknown}
Potions
 e - a potion of resistance {unknown}
 i - a potion of cure mutation {unknown}
 p - a potion of invisibility {unknown}
Comestibles
 g - 2 fruits
 m - 2 bread rations
 r - a slice of pizza
 s - a meat ration


   Skills:
 - Level 2.0 Fighting
 + Level 8.0 Bows
 - Level 1.3 Dodging
 - Level 0.4 Stealth


You had 3 spell levels left.
You didn't know any spells.

Dungeon Overview and Level Annotations

Branches:
Dungeon (3/15)

Altars:


Innate Abilities, Weirdness & Mutations

You have hooves in place of feet.
Armour fits poorly on your strangely shaped body.
You cover ground very quickly.
You have extremely tough skin. (AC +3)


Message History

The worm bites you.
Things that are here:
a hand axe of electrocution; an orc corpse
l - a hand axe of electrocution Sorry, you're not good enough to have a special ability.
The worm bites you but does no damage.
Wield which item (- for none, * to show all)? (? for menu, Esc to quit)
You hear the crackle of electricity.
l - a +0 hand axe of electrocution (weapon)
You slash the worm!
The worm is heavily wounded.
The worm bites you!
* * * LOW HITPOINT WARNING * * *
You are too injured to fight recklessly!
You are too injured to fight recklessly!
You are too injured to fight recklessly!
You hit the worm. Your kick misses the worm.
The worm is heavily wounded.
The worm bites you!
You die...

######.# ####.###.#.
....##.# #.# ....##.#
#.# .......# #.#
....#### #.# .# ....#
#######.###...#
#.########...[..........
...........#####.###.###
..######## ##@## ......#
##.w.## ..###.# #....†#
..# #.# #...!....# ..#
#.# #........# ..# #.#
#........# ..###.####
##.....#.#
.........######...##.#
#.................. .#


You could see a worm.

Vanquished Creatures
  6 adders
  2 oozes
  A worm (D:2)
  3 dart slugs
  An orc (D:3)
  2 giant cockroaches
  3 goblins
  4 hobgoblins (D:1)
  A ball python (D:2)
  4 bats
  6 frilled lizards
  8 kobolds
  6 rats
47 creatures vanquished.

Notes
Turn   | Place    | Note
-------+----------+-------------------------------------------
     0 | D:1      | dobroeutro the Centaur Hunter began the quest for the Orb.
     0 | D:1      | Reached XP level 1. HP: 17/17 MP: 1/1
   288 | D:1      | Reached XP level 2. HP: 10/24 MP: 2/2
   291 | D:1      | Reached skill level 6 in Bows
  1033 | D:1      | Reached XP level 3. HP: 14/29 MP: 3/3
  1675 | D:2      | Reached skill level 7 in Bows
  2125 | D:2      | Reached XP level 4. HP: 23/36 MP: 4/4
  2947 | D:3      | Reached skill level 8 in Bows
  3140 | D:3      | Slain by a worm

Skill      XL: |  1  2  3  4 |
---------------+-------------+-----
Bows           | 6 7 8 |  8.0
Fighting       | |  2.0
Dodging        | |  1.3
Stealth        | |  0.4

Action                   |  1- 3 |  4- 6 || total
-------------------------+-------+-------++-------
Melee: Short sword       |   138 |    68 ||   206
       Kick              |    26 |    12 ||    38
       Hand axe          |       |     2 ||     2
 Fire: Shortbow          |    10 |     2 ||    12
  Use: Potion            |     1 |       ||     1
  Eat: Bread ration      |     1 |       ||     1
Armor: Leather armour    |    40 |    26 ||    66
Dodge: Dodged            |    67 |    38 ||   105
